 Dungeon Crawl Stone Soup version 0.20-a0-839-gdaf5c57 (webtiles) character file.

11393 Dfrag the Destroyer (level 11, 0/68 HPs)
             Began as a Demonspawn Fire Elementalist on Mar 8, 2017.
             Was an Elder of Vehumet.
             Slain by a spiny frog (13 damage)
             ... on level 2 of the Lair of Beasts.
             The game lasted 00:23:54 (10393 turns).

Dfrag the Destroyer (Demonspawn Fire Elementalist) Turns: 10393, Time: 00:23:55

Health: 0/68       AC:  9    Str: 11    XL:     11   Next: 48%
Magic:  3/25       EV: 16    Int: 30    God:    Vehumet [****..]
Gold:   482        SH:  0    Dex: 14    Spells: 14/30 levels left

rFire    . . .     SeeInvis +   y - +5 trident "Hiborph" {pain, *Drain rC+++ Int+3 SInv}
rCold    + + +     Gourm    .   B - +3 leather armour of Yesterday {rC- rN++ Int+3 SInv}
rNeg     + + .     Faith    .   (no shield)
rPois    .         Spirit   .   (helmet restricted)
rElec    .         Reflect  .   g - +0 cloak
rCorr    .         Harm     .   (gloves unavailable)
MR       .....     Rnd*Rage +   (no boots)
Stlth    +.........             (no amulet)
Regen    0.3/turn               m - +5 ring of intelligence
MPRegen  0.2/turn               l - +5 ring of evasion

@: lethally poisoned (0 -> -23), drained
A: antennae 1, claws 3, fangs 1, icy blue scales 1, berserk 2, cold resistance
1, foul stench 1, powered by death 3, strong 1, rot immunity
a: Renounce Religion


You were on level 2 of the Lair of Beasts.
You worshipped Vehumet.
Vehumet was greatly pleased with you.
You were not hungry.

You visited 3 branches of the dungeon, and saw 13 of its levels.

You collected 792 gold pieces.
You spent 310 gold pieces at shops.

Inventory:

Hand Weapons
 v - the +7 flail of the Fray {flame, Str+3, unknown}
   (You took it off an orc wizard on level 10 of the Dungeon)

   It has been specially enchanted to burn those struck by it, causing extra
   injury to most foes and up to half again as much damage against particularly
   susceptible opponents.
   It affects your strength (+3).
 y - the +5 trident "Hiborph" (weapon) {pain, *Drain rC+++ Int+3 SInv}
   (You found it on level 1 of the Lair of Beasts)

   In the hands of one skilled in necromantic magic, it inflicts extra damage on
   living creatures.
   It affects your intelligence (+3).
   It renders you almost immune to cold.
   It lets you see invisible.
   It causes draining when unequipped.
 S - the +4 great mace of Ragnarok {flame, *Drain +Rage rC+ rN+}
   (You bought it in a shop on level 10 of the Dungeon)

   It has been specially enchanted to burn those struck by it, causing extra
   injury to most foes and up to half again as much damage against particularly
   susceptible opponents.
   It protects you from cold.
   It protects you from negative energy.
   It lets you go berserk.
   It causes draining when unequipped.
Armour
 g - a +0 cloak (worn)
 u - a +2 robe of positive energy
 B - the +3 leather armour of Yesterday (worn) {rC- rN++ Int+3 SInv}
   (You found it on level 7 of the Dungeon)

   It affects your intelligence (+3).
   It makes you vulnerable to cold.
   It greatly protects you from negative energy.
   It lets you see invisible.
 E - the +2 leather armour of Pijimpot {rF- Str+4 Slay+3 SInv}
   (You found it on level 4 of the Dungeon)

   It affects your strength (+4).
   It affects your accuracy and damage with ranged weapons and melee attacks
   (+3).
   It makes you vulnerable to fire.
   It lets you see invisible.
Jewellery
 e - an uncursed ring of protection from fire
 l - a +5 ring of evasion (left claw)
 m - a +5 ring of intelligence (right claw)
 M - an uncursed ring of flight {unknown}
Wands
 n - a wand of iceblast (9/15)
 q - a wand of random effects (19/48)
 t - a wand of confusion (28/48)
 Q - a wand of lightning (12/15)
Scrolls
 d - a scroll of enchant armour
 i - 2 scrolls of amnesia
 k - 2 scrolls of immolation
 o - 6 scrolls of remove curse
 r - 2 scrolls of magic mapping
 s - 4 scrolls of blinking
 w - 3 scrolls of enchant weapon
 x - a scroll of vulnerability
 z - 3 scrolls of recharging
 A - a scroll of fear
 D - 6 scrolls of teleportation
Potions
 a - a potion of ambrosia
 H - a potion of agility
 J - 2 potions of invisibility
 L - 2 potions of curing
 N - a potion of haste
 O - 4 potions of heal wounds
 R - a potion of lignification
Books
 b - a book of Flames

   Spells                             Type                      Level
   a - Flame Tongue                   Conjuration/Fire             1
   b - Throw Flame                    Conjuration/Fire             2
   c - Conjure Flame                  Conjuration/Fire             3
   d - Inner Flame                    Hexes/Fire                   3
   e - Sticky Flame                   Conjuration/Fire             4
   f - Fireball                       Conjuration/Fire             5
 p - a book of Cantrips

   Spells                             Type                      Level
   a - Confusing Touch                Hexes                        1
   b - Animate Skeleton               Necromancy                   1
   c - Summon Small Mammal            Summoning                    1
   d - Apportation                    Translocation                1
Comestibles
 c - 15 bread rations
 f - 5 royal jellies
 h - 6 chunks of flesh
 j - 12 fruits
 F - 5 meat rations


   Skills:
 - Level 1.7(0.7) Dodging
 - Level 1.7(0.7) Stealth
 + Level 10.0(8.8) Spellcasting
 + Level 10.5(9.2) Conjurations
 + Level 10.2(9.0) Fire Magic


You had 14 spell levels left.
You knew the following spells:

 Your Spells              Type           Power        Failure   Level  Hunger
a - Flame Tongue          Conj/Fire      #####        1%          1    None
b - Conjure Flame         Conj/Fire      ######..     1%          3    None
c - Sticky Flame          Conj/Fire      ######..     1%          4    None
d - Fireball              Conj/Fire      ######....   1%          5    ####...
e - Mephitic Cloud        Conj/Pois/Air  ####....     1%          3    None


Dungeon Overview and Level Annotations

Branches:
Dungeon (10/15)            Temple (1/1) D:6            Lair (2/6) D:10
  Swamp (0/4) Lair:2          Orc (0/2) D:9
  Snake: Lair:2-4    Spider: Lair:2-4

Altars:
Ashenzari
Dithmenos
Fedhas
Gozag
Makhleb
Nemelex Xobeh
Okawaru
Qazlal
Trog
Uskayaw
Vehumet
Yredelemnul
Zin
The Shining One

Shops:
D:10 (

Annotations:
D:3 exclusion: oklob plant
Lair:1 Gastronok


Innate Abilities, Weirdness & Mutations

You have claws for hands.
You are partially covered in icy blue scales. (AC +2)
Your flesh is cold resistant. (rC+)
You may emit foul miasma when damaged in melee.
You regenerate a lot of health from kills.
You are immune to rotting.
You have a pair of small antennae on your head.
You have very sharp teeth.
You often lose your temper in combat.
Your muscles are strong. (Str +2)


Message History

Confirm with . or Enter, or press ? or * to list all spells.
Aiming: Flame Tongue
Press: ? - help, Shift-Dir - straight line, f/p - spiny frog
Aim: a spiny frog (heavily wounded, covered in liquid flames)
The flame tongue hits the spiny frog.
The spiny frog appears unharmed.
The spiny frog is heavily wounded.
* * * LOW HITPOINT WARNING * * *
You feel sick.
The spiny frog burns!
The spiny frog stings you but does no damage.
Casting: Flame Tongue
Confirm with . or Enter, or press ? or * to list all spells.
Aiming: Sticky Flame
Press: ? - help, Shift-Dir - straight line, f/p - spiny frog
Aim: a spiny frog (severely wounded, covered in liquid flames)
The sticky flame hits the spiny frog.
The spiny frog is almost dead.
The spiny frog is covered in liquid flames!
* * * LOW HITPOINT WARNING * * *
You feel sick.
The spiny frog burns!
The spiny frog stings you!
You die...

#.. ....... . #.. ...... .
#. .. .... .#.# )#.P# ## .P
.... ##...# ..# . .
#..##...##.... ......
#..#P.......$. ......
#....F.....>. ........
#.P..@#......##...P...
###........#.#P...#...
#....##......P.......
##.#..#...#P......#..
#...#................
##....................
######......#..............
#.#.P..#.......P.....#.P...
###.................#.......


You could see a spiny frog (burning).

Vanquished Creatures
  A two-headed ogre (D:8)
  An unseen horror (D:10)
  Pikel (D:4)
  A gargoyle (D:10)
  A spiny frog (Lair:2)
  2 komodo dragons (D:10)
  2 trolls (D:10)
  Prince Ribbit (D:6)
  Grinder (D:6)
  2 hippogriffs
  Sigmund (D:3)
  5 wyverns
  Eustachio (D:6)
  A hungry ghost (D:10)
  Menkaure (D:6)
  An acid dragon (D:10)
  2 water moccasins
  Duvessa (D:4)
  5 ice beasts
  4 orc warriors
  4 phantoms
  2 black bears
  4 ogres
  2 sky beasts
  A necrophage (D:9)
  3 centaurs
  5 bullfrogs
  A wyvern zombie (D:10)
  Dowan (D:4)
  2 water moccasin zombies
  4 scorpions
  3 killer bees (D:10)
  4 wights
  4 howler monkeys
  4 crimson imps
  2 bullfrog zombies
  2 centaur zombies
  4 jellies
  4 orc priests
  A bullfrog skeleton (D:4)
  2 gnoll shamans (D:6)
  8 hounds
  8 orc wizards
  3 centaur skeletons
  2 iguanas (D:7)
  7 worker ants
  A hound zombie (D:6)
  A hound skeleton (D:10)
  A worker ant zombie (D:10)
  32 gnolls
  9 adders
  3 howler monkey skeletons
  A shadow imp (D:6)
  3 oozes
  An adder skeleton (D:7)
  4 worms
  12 dart slugs
  3 leopard geckos
  37 orcs
  5 giant cockroaches
  5 goblins
  2 hobgoblins
  20 jackals
  4 quokkas
  7 bats
  2 frilled lizards
  A jackal skeleton (D:4)
  9 kobolds
  A leopard gecko zombie (D:8)
  A quokka skeleton (D:6)
  8 rats
295 creatures vanquished.

Notes
Turn   | Place    | Note
-------+----------+-------------------------------------------
     0 | D:1      | Dfrag the Demonspawn Fire Elementalist began the quest for the Orb.
     0 | D:1      | Reached XP level 1. HP: 13/13 MP: 3/3
   116 | D:1      | Gained mutation: You have sharp fingernails. [demonic ancestry]
   116 | D:1      | Reached XP level 2. HP: 17/19 MP: 0/5
   737 | D:2      | Gained mutation: You regenerate a little health from kills. [demonic ancestry]
   737 | D:2      | Reached XP level 3. HP: 24/24 MP: 2/6
  1101 | D:2      | Found a glowing silver altar of Zin.
  1244 | D:2      | Learned a level 3 spell: Conjure Flame
  1371 | D:3      | Gained mutation: You are immune to rotting. [demonic ancestry]
  1371 | D:3      | Reached XP level 4. HP: 30/30 MP: 2/8
  1446 | D:3      | Found a blossoming altar of Fedhas.
  1464 | D:3      | Noticed an oklob plant
  1896 | D:3      | Noticed Sigmund
  1932 | D:3      | Killed Sigmund
  1932 | D:3      | Gained mutation: You are partially covered in icy blue scales. (AC +2) [demonic ancestry]
  1932 | D:3      | Reached XP level 5. HP: 19/35 MP: 0/10
  2363 | D:3      | Learned a level 4 spell: Sticky Flame
  2996 | D:4      | Noticed a phantom
  3063 | D:3      | Gained mutation: You regenerate health from kills. [demonic ancestry]
  3063 | D:3      | Reached XP level 6. HP: 34/41 MP: 5/11
  3314 | D:4      | Found a bloodstained altar of Trog.
  3449 | D:4      | Got a heavily runed leather armour
  3458 | D:4      | Gained mutation: You may emit foul miasma when damaged in melee. [demonic ancestry]
  3458 | D:4      | Reached XP level 7. HP: 38/46 MP: 5/13
  3546 | D:4      | Identified the +2 leather armour of Pijimpot {rF- Str+4 Slay+3 SInv} (You found it on level 4 of the Dungeon)
  3690 | D:4      | Reached skill level 5 in Fire Magic
  3749 | D:4      | Reached skill level 5 in Spellcasting
  3798 | D:4      | Noticed Duvessa
  3802 | D:4      | Noticed Dowan
  3827 | D:4      | Killed Duvessa
  3827 | D:4      | Reached skill level 5 in Conjurations
  3828 | D:5      | Entered Level 5 of the Dungeon
  3949 | D:4      | Killed Dowan
  4090 | D:4      | Reached XP level 8. HP: 44/52 MP: 13/16
  4172 | D:4      | Noticed Pikel
  4187 | D:4      | Killed Pikel
  4460 | D:5      | Found a shattered altar of Ashenzari.
  4463 | D:5      | Found an opulent altar of Gozag.
  4466 | D:5      | Found a sparkling altar of Nemelex Xobeh.
  4469 | D:5      | Found a hide-covered altar of Uskayaw.
  4504 | D:5      | Found a burning altar of Makhleb.
  4574 | D:5      | Found a stormy altar of Qazlal.
  5144 | D:6      | Noticed Eustachio
  5184 | D:5      | Gained mutation: You regenerate a lot of health from kills. [demonic ancestry]
  5184 | D:5      | Reached XP level 9. HP: 52/57 MP: 3/18
  5264 | D:6      | Killed Eustachio
  5270 | D:6      | Noticed Prince Ribbit
  5278 | D:6      | Gained mutation: Your magical capacity is low. (-10% MP) [mutagenic meat]
  5279 | D:6      | Gained mutation: You have very sharp fingernails. [mutagenic meat]
  5280 | D:6      | Gained mutation: Scrolls take you a little longer to read. [mutagenic meat]
  5281 | D:6      | Gained mutation: Armour fits poorly on your strangely shaped body. [mutagenic meat]
  5282 | D:6      | Gained mutation: You have a pair of small antennae on your head. [mutagenic meat]
  5284 | D:6      | Killed Prince Ribbit
  5296 | D:6      | Lost mutation: You have a pair of small antennae on your head. [potion of mutation]
  5296 | D:6      | Lost mutation: Your magical capacity is low. (-10% MP) [potion of mutation]
  5296 | D:6      | Lost mutation: Scrolls take you a little longer to read. [potion of mutation]
  5296 | D:6      | Lost mutation: Armour fits poorly on your strangely shaped body. [potion of mutation]
  5296 | D:6      | Gained mutation: You have very sharp teeth. [potion of mutation]
  5296 | D:6      | Gained mutation: You tend to lose your temper in combat. [potion of mutation]
  5296 | D:6      | Gained mutation: Armour fits poorly on your strangely shaped body. [potion of mutation]
  5296 | D:6      | Lost mutation: You tend to lose your temper in combat. [potion of mutation]
  5346 | D:6      | Found a staircase to the Ecumenical Temple.
  5380 | Temple   | Entered the Ecumenical Temple
  5456 | Temple   | Became a worshipper of Vehumet
  5825 | D:6      | Learned a level 5 spell: Fireball
  5865 | D:6      | Noticed Menkaure
  5872 | D:6      | Killed Menkaure
  6062 | D:6      | Reached * piety under Vehumet
  6062 | D:6      | Offered knowledge of Sandblast by Vehumet.
  6393 | D:6      | Reached ** piety under Vehumet
  6393 | D:6      | Offered knowledge of Freeze by Vehumet.
  6511 | D:6      | Noticed Grinder
  6518 | D:6      | Killed Grinder
  6866 | D:7      | Gained mutation: Your flesh is cold resistant. (rC+) [demonic ancestry]
  6866 | D:7      | Reached XP level 10. HP: 54/63 MP: 21/21
  7174 | D:7      | Got a crude leather armour
  7185 | D:7      | Identified the +3 leather armour of Yesterday {rC- rN++ Int+3 SInv} (You found it on level 7 of the Dungeon)
  7505 | D:8      | Noticed a two-headed ogre
  7512 | D:8      | Killed a two-headed ogre
  7512 | D:8      | Offered knowledge of Mephitic Cloud by Vehumet.
  7521 | D:8      | Learned a level 3 spell: Mephitic Cloud
  8355 | D:9      | Found a staircase to the Orcish Mines.
  8421 | D:9      | Gained mutation: You are agile. (Dex +2) [mutagenic meat]
  8435 | D:9      | Reached *** piety under Vehumet
  8715 | D:9      | Found an iron altar of Okawaru.
  8845 | D:10     | Entered Level 10 of the Dungeon
  8992 | D:10     | Offered knowledge of Fulminant Prism by Vehumet.
  9106 | D:10     | Paralysed by a centaur for 7 turns
  9362 | D:10     | Found an iron altar of Okawaru.
  9397 | D:10     | Gained mutation: You have claws for hands. [demonic ancestry]
  9397 | D:10     | Reached XP level 11. HP: 68/68 MP: 16/24
  9543 | D:10     | Reached **** piety under Vehumet
  9600 | D:10     | Reached skill level 10 in Conjurations
  9605 | D:10     | Found Bages's Antique Weapon Shoppe.
  9685 | D:10     | Bought a scorched great mace for 310 gold pieces
  9685 | D:10     | Identified the +4 great mace of Ragnarok {flame, *Drain +Rage rC+ rN+} (You bought it in a shop on level 10 of the Dungeon)
  9733 | D:10     | Noticed an unseen horror
  9740 | D:10     | Killed an unseen horror
  9996 | D:10     | Reached skill level 10 in Fire Magic
 10007 | D:10     | Offered knowledge of Lee's Rapid Deconstruction by Vehumet.
 10025 | D:10     | Got a dazzling flail {flame}
 10031 | D:10     | Found a staircase to the Lair.
 10108 | Lair:1   | Entered Level 1 of the Lair of Beasts
 10131 | Lair:1   | Got a twisted trident
 10132 | Lair:1   | Identified the +5 trident "Hiborph" {pain, *Drain rC+++ Int+3 SInv} (You found it on level 1 of the Lair of Beasts)
 10145 | Lair:1   | Noticed Gastronok
 10189 | Lair:2   | Lost mutation: Armour fits poorly on your strangely shaped body. [potion of mutation]
 10189 | Lair:2   | Lost mutation: You are agile. (Dex +2) [potion of mutation]
 10189 | Lair:2   | Gained mutation: You have a pair of small antennae on your head. [potion of mutation]
 10189 | Lair:2   | Gained mutation: You tend to lose your temper in combat. [potion of mutation]
 10189 | Lair:2   | Gained mutation: You often lose your temper in combat. [potion of mutation]
 10189 | Lair:2   | Gained mutation: Your muscles are strong. (Str +2) [potion of mutation]
 10226 | Lair:2   | Reached skill level 10 in Spellcasting
 10269 | Lair:2   | Found a staircase to the Swamp.
 10393 | Lair:2   | Slain by a spiny frog

Vault maps used:
D:1:      tarquinn_simple_flora_water_e
D:2:      nicolae_overflow_hidden_temple
D:3:      first_bread, tgw_fedhas, uniq_sigmund
D:4:      kennysheep_slugbush, trog_three_pillars_becter, uniq_duvessa,
          uniq_pikel
D:5:      old_standard_altar, grunt_temple_overflow_cloverleaf,
          lemuel_round_altar
D:6:      lemuel_castle_with_subvaults, minmay_temple_entry_hall, uniq_menkaure,
          uniq_prince_ribbit1, uniq_eustachio, uniq_grinder
D:8:      grunt_ogre_cave
D:9:      lemuel_coloured_pillars_altar, orc_0_dummy
D:10:     hangedman_cross_stitches, erik_lair_dragon, serial_shops, shop,
          serial_column_ruins, column_ruins_corridor_dead_end,
          column_ruins_corridor_corner, column_ruins_open_tiny,
          column_ruins_columns_corner, okawaru_trees_1
Temple:   minmay_temple_curvy_branch
Lair:1:   hibernation_bobbens, grunt_megastairs_2, uniq_gastronok
Lair:2:   swamp_mist

Skill      XL: |  1  2  3  4  5  6  7  8  9 10 11 |
---------------+----------------------------------+-----
Fire Magic     | 3 4 5 6 8 9 10 | 10.2
Conjurations   | 2 3 4 5 6 8 9 10 | 10.5
Spellcasting   | 3 4 5 6 7 9 10 | 10.0
Dodging        | |  1.7
Stealth        | |  1.7

Action                   |  1- 3 |  4- 6 |  7- 9 | 10-12 || total
-------------------------+-------+-------+-------+-------++-------
Melee: Unarmed           |    77 |       |       |       ||    77
       Whip              |       |    21 |       |       ||    21
       Mace              |       |    18 |   165 |       ||   183
       Spear             |       |       |   201 |   141 ||   342
       Bite              |       |       |    16 |    15 ||    31
       Great mace        |       |       |       |    11 ||    11
       Trident           |       |       |       |     7 ||     7
 Cast: Flame Tongue      |    76 |    72 |   119 |   124 ||   391
       Sticky Flame      |       |     1 |    33 |    54 ||    88
       Fireball          |       |       |     3 |    13 ||    16
  Use: Potion            |       |     1 |     9 |     1 ||    11
       Scroll            |       |       |       |    15 ||    15
 Stab: Sleeping          |       |       |     1 |     3 ||     4
  Eat: Chunk             |     2 |     4 |    24 |    15 ||    45
       Fruit             |       |     2 |       |       ||     2
Armor: Robe              |    28 |    14 |   127 |       ||   169
       Leather armour    |       |       |       |    60 ||    60
Dodge: Dodged            |    83 |    53 |   456 |   202 ||   794
